TOP OF THE 1ST |
Portsmouth Coasties batting - Pitching for Belvedere Park Rawhides : RHP Manny Ledesma
|
Pitching: RHP Manny Ledesma
|
|
Batting: RHB José Villegas
|
0-0: Called Strike 0-1: Ball 1-1: Ball 2-1: Ball 3-1: SINGLE (Line Drive, 4M)
|
Batting: LHB José Rodríguez
|
0-0: Ball 1-0: Grounds into double play, 6-4-3 (Groundball, 6)
|
Batting: RHB José Mata
|
0-0: Ball 1-0: Swinging Strike 1-1: Foul Ball, location: 2F 1-2: Ground out 1-3 (Groundball, 13)
|
Top of the 1st over - 0 run(s), 1 hit(s), 0 error(s), 0 left on base; Portsmouth 0 - Belvedere Park 0 |
BOTTOM OF THE 1ST |
Belvedere Park Rawhides batting - Pitching for Portsmouth Coasties : RHP Jesús López
|
Pitching: RHP Jesús López
|
|
Batting: RHB Marlon Cummins
|
0-0: Ball 1-0: Called Strike 1-1: Ball 2-1: Called Strike 2-2: Fly out, F7 (Flyball, 78M)
|
Batting: RHB Jeff Cox
|
0-0: Ball 1-0: Fly out, F7 (Flyball, 78M)
|
Batting: RHB Victor Haley
|
0-0: Ball 1-0: Ball 2-0: Ball 3-0: Called Strike 3-1: Fly out, F4 (Popup, 4D)
|
Bottom of the 1st over - 0 run(s), 0 hit(s), 0 error(s), 0 left on base; Portsmouth 0 - Belvedere Park 0 |
TOP OF THE 2ND |
Portsmouth Coasties batting - Pitching for Belvedere Park Rawhides : RHP Manny Ledesma
|
Batting: RHB Ángel López
|
0-0: Called Strike 0-1: Ball 1-1: Called Strike 1-2: Ball 2-2: Strikes out looking
|
Batting: LHB Pedro Rodríguez
|
0-0: Called Strike 0-1: Ball 1-1: Foul Ball, location: 2F 1-2: Ball 2-2: Strikes out looking
|
Batting: RHB Ángel Ruezga
|
0-0: Called Strike 0-1: Foul Ball, location: 2F 0-2: Foul Ball, location: 2F 0-2: Strikes out swinging
|
Top of the 2nd over - 0 run(s), 0 hit(s), 0 error(s), 0 left on base; Portsmouth 0 - Belvedere Park 0 |
BOTTOM OF THE 2ND |
Belvedere Park Rawhides batting - Pitching for Portsmouth Coasties : RHP Jesús López
|
Batting: LHB Clark Espinosa
|
0-0: Swinging Strike 0-1: Swinging Strike 0-2: Foul Ball, location: 2F 0-2: Ball 1-2: Foul Ball, location: 2F 1-2: Ball 2-2: Foul Ball, location: 2F 2-2: Foul Ball, location: 2F 2-2: Strikes out swinging
|
Batting: RHB Gary Perkins
|
0-0: Ball 1-0: Foul Ball, location: 2F 1-1: Foul Ball, location: 2F 1-2: Strikes out looking
|
Batting: RHB Michael Taylor
|
0-0: Ball 1-0: Swinging Strike 1-1: Ground out 4-3 (Groundball, 4)
|
Bottom of the 2nd over - 0 run(s), 0 hit(s), 0 error(s), 0 left on base; Portsmouth 0 - Belvedere Park 0 |
TOP OF THE 3RD |
Portsmouth Coasties batting - Pitching for Belvedere Park Rawhides : RHP Manny Ledesma
|
Batting: SHB Jim Bunker
|
0-0: Fly out, F5 (Popup, 5SF)
|
Batting: RHB Dave Davis
|
0-0: Foul Ball, location: 2F 0-1: Swinging Strike 0-2: Ball 1-2: Ball 2-2: Ball 3-2: Base on Balls
|
Batting: RHB John Aston
|
0-0: Ball 1-0: Foul Ball, location: 2F 1-1: Foul Ball, location: 2F 1-2: Ball 2-2: Foul Ball, location: 2F 2-2: Strikes out swinging
|
Batting: RHB José Villegas
|
0-0: Called Strike 0-1: Ball 1-1: SINGLE (Groundball, 6MD) Dave Davis to second Runner from 2nd tries for 3rd, OUT!
|
Top of the 3rd over - 0 run(s), 1 hit(s), 0 error(s), 1 left on base; Portsmouth 0 - Belvedere Park 0 |
BOTTOM OF THE 3RD |
Belvedere Park Rawhides batting - Pitching for Portsmouth Coasties : RHP Jesús López
|
Batting: RHB Danny Penn
|
0-0: Ball 1-0: Ball 2-0: Ball 3-0: Base on Balls
|
Batting: RHB José Fuentes
|
0-0: Fly out, F9 (Flyball, 89M)
|
Batting: RHB Pedro Jiménez
|
0-0: Foul Ball, location: 2F 0-1: Ball 1-1: Ball 2-1: Foul Ball, location: 2F 2-2: Foul Ball, location: 2F 2-2: Ball 3-2: Foul Ball, location: 2F 3-2: Foul Ball, location: 2F 3-2: Fly out, F8 (Line Drive, 8LM) 3-2: Fly out, F8 (Line Drive, 8LM)
|
Batting: RHB Marlon Cummins
|
0-0: Foul Ball, location: 2F 0-1: Ball 1-1: Fly out, F7 (Flyball, 7S)
|
Bottom of the 3rd over - 0 run(s), 0 hit(s), 0 error(s), 1 left on base; Portsmouth 0 - Belvedere Park 0 |
TOP OF THE 4TH |
Portsmouth Coasties batting - Pitching for Belvedere Park Rawhides : RHP Manny Ledesma
|
Batting: LHB José Rodríguez
|
0-0: Ball 1-0: Ball 2-0: Ball 3-0: Called Strike 3-1: Swinging Strike 3-2: Foul Ball, location: 2F 3-2: Foul Ball, location: 2F 3-2: Base on Balls
|
Batting: RHB José Mata
|
0-0: Ball Single, Error in OF, E9, batter to second base José Rodríguez to third
|
Batting: RHB Ángel López
|
0-0: Ball 1-0: Ball 2-0: Swinging Strike 2-1: Ball 3-1: Called Strike 3-2: Strikes out swinging
|
Batting: LHB Pedro Rodríguez
|
0-0: Ball 1-0: SINGLE (Groundball, 6MD) (infield hit) José Rodríguez scores José Mata to third
|
Batting: RHB Ángel Ruezga
|
0-0: Foul Ball, location: 2F 0-1: Ball 1-1: SINGLE (Groundball, 56D) (infield hit) José Mata scores Pedro Rodríguez to second
|
Batting: SHB Jim Bunker
|
0-0: Called Strike 0-1: Ball 1-1: Ball 2-1: Foul Ball, location: 2F 2-2: Ground out 3-1 (Groundball, 34) Pedro Rodríguez to third Ángel Ruezga to second
|
Batting: RHB Dave Davis
|
0-0: Ball 1-0: Ball 2-0: Ball 3-0: Called Strike 3-1: Base on Balls
|
Batting: RHB John Aston
|
0-0: Ball 1-0: SINGLE (Line Drive, 78S) Pedro Rodríguez scores Ángel Ruezga to third Dave Davis to second Runner from 3rd tries for Home, SAFE, no throw or cutoff
|
Batting: RHB José Villegas
|
0-0: Ball 1-0: Fielders Choice at 2nd, U6 (Groundball, 6M)
|
Top of the 4th over - 4 run(s), 4 hit(s), 1 error(s), 2 left on base; Portsmouth 4 - Belvedere Park 0 |
BOTTOM OF THE 4TH |
Belvedere Park Rawhides batting - Pitching for Portsmouth Coasties : RHP Jesús López
|
Batting: RHB Jeff Cox
|
0-0: Called Strike 0-1: Ground out 4-3 (Groundball, 4M)
|
Batting: RHB Victor Haley
|
0-0: Ground out U3 (Groundball, 3S)
|
Batting: LHB Clark Espinosa
|
0-0: Foul Ball, location: 2F 0-1: Foul Ball, location: 2F 0-2: Strikes out looking
|
Bottom of the 4th over - 0 run(s), 0 hit(s), 0 error(s), 0 left on base; Portsmouth 4 - Belvedere Park 0 |
TOP OF THE 5TH |
Portsmouth Coasties batting - Pitching for Belvedere Park Rawhides : RHP Manny Ledesma
|
Batting: LHB José Rodríguez
|
0-0: Called Strike 0-1: Ball 1-1: Swinging Strike 1-2: Ball 2-2: Strikes out swinging
|
Batting: RHB José Mata
|
0-0: Ball 1-0: Ball 2-0: Ball 3-0: Called Strike 3-1: Foul Ball, location: 2F 3-2: SINGLE (Flyball, 8LS)
|
Batting: RHB Ángel López
|
0-0: Ball 1-0: SINGLE (Groundball, 6D) José Mata to second
|
Batting: LHB Pedro Rodríguez
|
0-0: 3-RUN HOME RUN (Flyball, 8RXD), Distance : 437 ft
|
Pitching: LHP Steve Pérez
|
|
Batting: RHB Ángel Ruezga
|
0-0: Ball 1-0: Swinging Strike 1-1: Swinging Strike 1-2: Ball 2-2: Foul Ball, location: 2F 2-2: Foul Ball, location: 2F 2-2: Fly out, F3 (Line Drive, 3L)
|
Batting: SHB Jim Bunker
|
0-0: Called Strike 0-1: Ball 1-1: Ball 2-1: Ball 3-1: Fly out, F6 (Popup, 6MD)
|
Top of the 5th over - 3 run(s), 3 hit(s), 0 error(s), 0 left on base; Portsmouth 7 - Belvedere Park 0 |
BOTTOM OF THE 5TH |
Belvedere Park Rawhides batting - Pitching for Portsmouth Coasties : RHP Jesús López
|
Batting: RHB Gary Perkins
|
0-0: Called Strike 0-1: Ball 1-1: SINGLE (Groundball, 34)
|
Batting: RHB Michael Taylor
|
0-0: Called Strike 0-1: Swinging Strike 0-2: Foul Ball, location: 2F 0-2: Ball Wild Pitch! Gary Perkins to second 1-2: Strikes out swinging
|
Batting: RHB Danny Penn
|
0-0: Called Strike 0-1: Foul Ball, location: 2F 0-2: Ball 1-2: Foul Ball, location: 2F 1-2: Ball 2-2: Ball 3-2: Ground out 4-3 (Groundball, 4M) Gary Perkins to third
|
Batting: RHB José Fuentes
|
0-0: Ball 1-0: Swinging Strike 1-1: Swinging Strike 1-2: Ball 2-2: Ground out 4-3 (Groundball, 4M)
|
Bottom of the 5th over - 0 run(s), 1 hit(s), 0 error(s), 1 left on base; Portsmouth 7 - Belvedere Park 0 |
TOP OF THE 6TH |
Portsmouth Coasties batting - Pitching for Belvedere Park Rawhides : LHP Steve Pérez
|
Batting: RHB Dave Davis
|
0-0: Foul Ball, location: 2F 0-1: Ball 1-1: Foul Ball, location: 2F 1-2: Strikes out swinging
|
Batting: RHB John Aston
|
0-0: Called Strike 0-1: Foul Ball, location: 2F 0-2: Ball 1-2: Ball 2-2: Ball 3-2: Foul Ball, location: 2F 3-2: Base on Balls
|
Batting: RHB José Villegas
|
0-0: Foul Ball, location: 2F 0-1: Foul Ball, location: 2F 0-2: Ball 1-2: Ball 2-2: Ball 3-2: Fly out, F6 (Popup, 56)
|
Batting: LHB José Rodríguez
|
0-0: Swinging Strike 0-1: SINGLE (Line Drive, 89S) John Aston to second
|
Batting: RHB José Mata
|
0-0: Ball 1-0: Ground out 4-3 (Groundball, 4)
|
Top of the 6th over - 0 run(s), 1 hit(s), 0 error(s), 2 left on base; Portsmouth 7 - Belvedere Park 0 |
BOTTOM OF THE 6TH |
Belvedere Park Rawhides batting - Pitching for Portsmouth Coasties : RHP Jesús López
|
Batting: RHB Pedro Jiménez
|
0-0: Ball 1-0: Called Strike 1-1: Foul Ball, location: 2F 1-2: Ball 2-2: Fly out, F8 (Flyball, 8RD)
|
Batting: RHB Marlon Cummins
|
0-0: Called Strike 0-1: SINGLE (Line Drive, 7LM)
|
Batting: RHB Jeff Cox
|
0-0: Fielders Choice at 2nd, 4-6 (Groundball, 4)
|
Batting: RHB Victor Haley
|
0-0: Called Strike 0-1: Ball 1-1: Foul Ball, location: 2F 1-2: Ball 2-2: Foul Ball, location: 2F 2-2: Foul Ball, location: 2F 2-2: Ball 3-2: SINGLE (Line Drive, 89S) Jeff Cox to second Jeff Cox to third
|
Batting: LHB Clark Espinosa
|
0-0: Called Strike 0-1: Ball 1-1: Foul Ball, location: 2F 1-2: Ground out 4-3 (Groundball, 4)
|
Bottom of the 6th over - 0 run(s), 2 hit(s), 0 error(s), 2 left on base; Portsmouth 7 - Belvedere Park 0 |
TOP OF THE 7TH |
Portsmouth Coasties batting - Pitching for Belvedere Park Rawhides : LHP Steve Pérez
|
Batting: RHB Ángel López
|
0-0: Swinging Strike 0-1: Ball 1-1: Foul Ball, location: 2F 1-2: Strikes out swinging
|
Batting: LHB Pedro Rodríguez
|
0-0: Ball 1-0: Fly out, F7 (Flyball, 8LM)
|
Batting: RHB Ángel Ruezga
|
0-0: Called Strike 0-1: Foul Ball, location: 2F 0-2: Ball 1-2: Foul Ball, location: 2F 1-2: Strikes out swinging
|
Top of the 7th over - 0 run(s), 0 hit(s), 0 error(s), 0 left on base; Portsmouth 7 - Belvedere Park 0 |
BOTTOM OF THE 7TH |
Belvedere Park Rawhides batting - Pitching for Portsmouth Coasties : RHP Jesús López
|
Batting: RHB Gary Perkins
|
0-0: SINGLE (Groundball, 56D)
|
Batting: RHB Michael Taylor
|
0-0: Ball 1-0: SINGLE (Line Drive, 9LS) Gary Perkins to second
|
Batting: RHB Danny Penn
|
0-0: Foul Ball, location: 2F 0-1: Fly out, F9 (Flyball, 89M)
|
Batting: RHB José Fuentes
|
0-0: Ball 1-0: Ball 2-0: Called Strike 2-1: SINGLE (Line Drive, 56) Gary Perkins to third Michael Taylor to second Runner from 3rd tries for Home, SAFE, no throw or cutoff
|
Batting: RHB Pedro Jiménez
|
0-0: Called Strike 0-1: Ball Michael Taylor is caught stealing 3rd base 1-1: Called Strike 1-2: SINGLE (Groundball, 56D) José Fuentes to second
|
Batting: RHB Marlon Cummins
|
0-0: Ball 1-0: SINGLE (Flyball, 6MD) José Fuentes to third Pedro Jiménez to second Runner from 3rd tries for Home, SAFE, no throw or cutoff
|
Pitching: RHP Rafael Flores
|
|
Batting: RHB Jeff Cox
|
0-0: Fielders Choice at 2nd, U6 (Groundball, 6M)
|
Bottom of the 7th over - 2 run(s), 5 hit(s), 0 error(s), 2 left on base; Portsmouth 7 - Belvedere Park 2 |
TOP OF THE 8TH |
Portsmouth Coasties batting - Pitching for Belvedere Park Rawhides : LHP Steve Pérez
|
Pitching: RHP Dave Baker
|
|
Batting: SHB Jim Bunker
|
0-0: Ball 1-0: Called Strike 1-1: Swinging Strike 1-2: Fly out, F7 (Line Drive, 78M)
|
Batting: RHB Dave Davis
|
0-0: Ball 1-0: Called Strike 1-1: Ground out 6-3 (Groundball, 6M)
|
Batting: RHB John Aston
|
0-0: Foul Ball, location: 2F 0-1: Ball 1-1: Ground out 6-3 (Groundball, 6)
|
Top of the 8th over - 0 run(s), 0 hit(s), 0 error(s), 0 left on base; Portsmouth 7 - Belvedere Park 2 |
BOTTOM OF THE 8TH |
Belvedere Park Rawhides batting - Pitching for Portsmouth Coasties : RHP Rafael Flores
|
Batting: RHB Victor Haley
|
0-0: Called Strike 0-1: Called Strike 0-2: Ball 1-2: Foul Ball, location: 2F 1-2: Strikes out swinging
|
Batting: LHB Clark Espinosa
|
0-0: Foul Ball, location: 2F 0-1: Ball 1-1: Called Strike 1-2: Ball 2-2: Ball 3-2: SINGLE (Groundball, 34D) (infield hit)
|
Batting: RHB Gary Perkins
|
0-0: Ball 1-0: Called Strike 1-1: Ball 2-1: Swinging Strike 2-2: Ball 3-2: Base on Balls Clark Espinosa to second
|
Batting: RHB Michael Taylor
|
0-0: Swinging Strike 0-1: Foul Ball, location: 2F 0-2: Strikes out swinging
|
Batting: RHB Danny Penn
|
0-0: Ball 1-0: Ball 2-0: Called Strike 2-1: Fielders Choice at 2nd, 6-4 (Groundball, 6)
|
Bottom of the 8th over - 0 run(s), 1 hit(s), 0 error(s), 1 left on base; Portsmouth 7 - Belvedere Park 2 |
TOP OF THE 9TH |
Portsmouth Coasties batting - Pitching for Belvedere Park Rawhides : RHP Dave Baker
|
Batting: RHB José Villegas
|
0-0: Ball 1-0: Called Strike 1-1: Ground out 4-3 (Groundball, 4)
|
Batting: LHB José Rodríguez
|
0-0: Foul Ball, location: 2F 0-1: Foul Ball, location: 2F 0-2: Ball 1-2: Foul Ball, location: 2F 1-2: Foul Ball, location: 2F 1-2: Strikes out swinging
|
Batting: RHB José Mata
|
0-0: Foul Ball, location: 2F 0-1: Foul Ball, location: 2F 0-2: Ball 1-2: Ball 2-2: Foul Ball, location: 2F 2-2: Ball 3-2: Foul Ball, location: 2F 3-2: Strikes out swinging
|
Top of the 9th over - 0 run(s), 0 hit(s), 0 error(s), 0 left on base; Portsmouth 7 - Belvedere Park 2 |
BOTTOM OF THE 9TH |
Belvedere Park Rawhides batting - Pitching for Portsmouth Coasties : RHP Rafael Flores
|
Batting: RHB José Fuentes
|
0-0: Fly out, F4 (Popup, 34D)
|
Batting: RHB Pedro Jiménez
|
0-0: Ball 1-0: Foul Ball, location: 2F 1-1: Ground out 5-3 (Groundball, 5)
|
Batting: RHB Marlon Cummins
|
0-0: Foul Ball, location: 2F 0-1: Ball 1-1: SINGLE (Line Drive, 34D)
|
Batting: RHB Jeff Cox
|
0-0: Ball 1-0: Ball 2-0: Ball 3-0: Base on Balls Marlon Cummins to second
|
Batting: RHB Victor Haley
|
0-0: Called Strike 0-1: Ball 1-1: Swinging Strike 1-2: Strikes out swinging
|
Bottom of the 9th over - 0 run(s), 1 hit(s), 0 error(s), 2 left on base; Portsmouth 7 - Belvedere Park 2 |
|